 Dungeon Crawl Stone Soup version 0.21.1-1-g345015f (webtiles) character file.

927 keltmir the Grave Robber (level 7, 0/53 HPs)
             Began as a Demonspawn Necromancer on Mar 31, 2018.
             Slain by a killer bee (6 damage)
             ... on level 5 of the Dungeon.
             The game lasted 00:36:45 (9086 turns).

keltmir the Grave Robber (Demonspawn Necromancer)   Turns: 9086, Time: 00:36:46

Health: 0/53       AC:  6    Str:  9    XL:     7   Next: 85%
Magic:  8/13       EV: 12    Int: 18    God:
Gold:   210        SH:  5    Dex: 17    Spells: 5/14 levels left

rFire    . . .     SeeInvis .   s - +0 spear
rCold    . . .     Gourm    .   l - +0 buckler
rNeg     . . .     Faith    +   a - +1 robe
rPois    .         Spirit   .   r - +2 helmet
rElec    .         Reflect  .   (no cloak)
rCorr    .         Harm     .   (no gloves)
MR       .....                  (no boots)
Stlth    +++.......             i - amulet of faith
HPRegen  0.17/turn              (no ring)
MPRegen  0.13/turn              (no ring)

@: lethally poisoned (0 -> -31)
A: thin skeletal structure 2, demonic guardian 1, powered by death 1
a: no special abilities


You were on level 5 of the Dungeon.
You were not hungry.

You visited 2 branches of the dungeon, and saw 6 of its levels.

You collected 210 gold pieces.

Inventory:

Hand Weapons
 d - a +0 dagger
 s - a +0 spear (weapon)
Missiles
 t - 5 tomahawks (quivered)
Armour
 a - a +1 robe (worn)
 l - a +0 buckler (worn)
 o - a +0 leather armour
 r - a +2 helmet (worn)
Jewellery
 i - an amulet of faith (around neck)
Wands
 u - a wand of paralysis (12)
Scrolls
 f - 2 scrolls of identify
 h - 3 scrolls of remove curse
 k - a scroll of enchant armour
Potions
 e - a potion of heal wounds
 j - 3 potions of flight
 m - a potion of magic
 n - a potion of agility
 p - a potion of curing {unknown}
Books
 b - a book of Necromancy

   Spells                             Type                      Level
   a - Pain                           Necromancy                   1
   b - Animate Skeleton               Necromancy                   1
   c - Vampiric Draining              Necromancy                   3
   d - Regeneration                   Charms/Necromancy            3
   e - Animate Dead                   Necromancy                   4
   f - Borgnjor's Vile Clutch         Necromancy/Earth             5
Comestibles
 c - 6 rations


   Skills:
 + Level 3.9 Fighting
 - Level 1.8 Dodging
 - Level 2.5 Stealth
 + Level 2.1 Shields
 + Level 4.2 Spellcasting
 * Level 7.8 Necromancy


You had 5 spell levels left.
You knew the following spells:

 Your Spells              Type           Power        Failure   Level  Hunger
a - Pain                  Necr           ####         1%          1    None
b - Animate Skeleton      Necr           N/A          1%          1    None
c - Animate Dead          Necr           N/A          7%          4    ####...
d - Vampiric Draining     Necr           ####......   2%          3    ###....


Dungeon Overview and Level Annotations

Branches:
Dungeon (5/15)             Temple (1/1) D:5

Altars:
Cheibriados
Dithmenos
Elyvilon
Fedhas
Gozag
Nemelex Xobeh
Okawaru
Ru
Sif Muna
Trog
Uskayaw
Vehumet
Wu Jian
Yredelemnul

Annotations:
D:2 1 runed door
D:5 Pikel; buskinjo's ghost, novice OgSk


Innate Abilities, Weirdness & Mutations

You have a moderately thin skeletal structure. (Dex +4, Stealth+)
A weak demonic guardian rushes to your aid.
You regenerate a little health from kills.


Message History

Something hits your orc zombie!
Your orc zombie is destroyed!
You feel very sick.
Your quasit disappears in a puff of smoke!
You block the killer bee's attack.
You feel very sick.
The killer bee stings you but does no damage.
You feel very sick. The killer bee closely misses you.
* * * LOW HITPOINT WARNING * * *
You feel sick. The killer bee stings you.
* * * LOW HITPOINT WARNING * * *
You are more poisoned.
The killer bee poisons you!
There is a stone staircase leading up, spattered with blood here.
* * * LOW HITPOINT WARNING * * *
You feel very sick.
Your iron imp disappears in a puff of smoke!
The killer bee completely misses you. The killer bee stings you.
You die...

.............#
##.....####)......
>............#
##......#...####.
.............## ##......[.##
..............#####......5.#
................#....###....#
..................)).#
##....#
.....................# ##...#
.........†..........## ##....
##...).......§.y@...# ##....#
#...W........)......#
#...##..
#...#...............####.<.#
..
...###...............#....#
..## ##........##.........###
.# #.......####..........# #
#...###................ #...
#..8.8[8..####### ....
##..⌠.⌠...#


You could see a killer bee.

Vanquished Creatures
  An orc warrior (D:3)
  A slave (D:4)
  A centaur (D:5)
  2 killer bees (D:5)
  An orc priest (D:3)
  A hound (D:5)
  3 orc wizards
  An iguana (D:4)
  Ijyb (D:2)
  A worker ant (D:4)
  Robin (D:3)
  2 gnolls (D:3)
  5 adders
  2 oozes
  2 worms
  2 dart slugs
  4 leopard geckos
  10 orcs
  A giant cockroach (D:2)
  8 hobgoblins
  6 jackals
  A quokka (D:4)
  4 bats
  5 frilled lizards
  A giant cockroach zombie (D:5)
  16 goblins
  9 kobolds
  16 rats
  A plant (D:2)
109 creatures vanquished.

Vanquished Creatures (collateral kills)
  Duvessa (D:5)
  A slave (D:4)
  An ogre (D:5)
  Dowan (D:5)
  A crimson imp (D:5)
  A bullfrog skeleton (D:5)
  2 worker ants
  A gnoll (D:3)
  A shadow imp (D:5)
  A leopard gecko (D:5)
  2 orcs (D:3)
  A goblin (D:2)
  A hobgoblin (D:2)
  A jackal (D:4)
  A kobold (D:2)
17 creatures vanquished.

Grand Total: 126 creatures vanquished

Notes
Turn   | Place    | Note
-------+----------+-------------------------------------------
     0 | D:1      | keltmir the Demonspawn Necromancer began the quest for the Orb.
     0 | D:1      | Reached XP level 1. HP: 13/13 MP: 3/3
   107 | D:1      | Learned a level 1 spell: Animate Skeleton
   595 | D:1      | Gained mutation: You regenerate a little health from kills. [demonic ancestry]
   595 | D:1      | Reached XP level 2. HP: 20/20 MP: 3/5
  1006 | D:1      | Reached skill level 1 in Fighting
  1306 | D:1      | Reached XP level 3. HP: 25/26 MP: 2/6
  1508 | D:2      | Reached skill level 5 in Necromancy
  2513 | D:2      | Found a sacrificial altar of Ru.
  3014 | D:2      | Found a blossoming altar of Fedhas.
  3020 | D:2      | Found a deep blue altar of Sif Muna.
  3119 | D:2      | Gained mutation: You have a somewhat thin skeletal structure. (Dex +2, Stealth) [demonic ancestry]
  3119 | D:2      | Reached XP level 4. HP: 22/32 MP: 1/7
  3321 | D:2      | Found a runed door.
  3616 | D:2      | Learned a level 4 spell: Animate Dead
  3623 | D:3      | Noticed Ijyb
  3695 | D:2      | Killed Ijyb
  3810 | D:3      | Found a white marble altar of Elyvilon.
  3928 | D:3      | Gained mutation: A weak demonic guardian rushes to your aid. [demonic ancestry]
  3928 | D:3      | Reached XP level 5. HP: 15/38 MP: 2/9
  4279 | D:3      | Reached skill level 6 in Necromancy
  4366 | D:3      | Noticed an orc warrior
  4381 | D:3      | Killed an orc warrior
  4381 | D:3      | Reached XP level 6. HP: 41/46 MP: 0/10
  4662 | D:3      | Noticed Robin
  4670 | D:3      | Killed Robin
  5408 | D:4      | Found a radiant altar of Vehumet.
  5773 | D:4      | Found a snail-covered altar of Cheibriados.
  6114 | D:4      | Found an iron altar of Okawaru.
  6458 | D:5      | Entered Level 5 of the Dungeon
  6458 | D:5      | Noticed Pikel
  6458 | D:5      | Noticed a slave
  6458 | D:5      | Noticed a slave
  6458 | D:5      | Noticed a slave
  6458 | D:5      | Noticed a slave
  6501 | D:4      | Killed a slave
  6557 | D:4      | Killed a slave
  6908 | D:5      | Reached skill level 1 in Shields
  6908 | D:5      | Reached skill level 7 in Necromancy
  6908 | D:5      | Gained mutation: You have a moderately thin skeletal structure. (Dex +4, Stealth+) [demonic ancestry]
  6908 | D:5      | Reached XP level 7. HP: 17/52 MP: 5/12
  7297 | D:5      | Noticed Dowan
  7299 | D:5      | Noticed Duvessa
  7302 | D:5      | Noticed buskinjo's ghost (novice OgSk)
  7318 | D:5      | Killed Duvessa
  7990 | D:5      | Killed Dowan
  8048 | D:5      | Found a staircase to the Ecumenical Temple.
  8057 | Temple   | Entered the Ecumenical Temple
  8641 | D:4      | Learned a level 3 spell: Vampiric Draining
  9086 | D:5      | Slain by a killer bee

Skill      XL: |  1  2  3  4  5  6  7 |
---------------+----------------------+-----
Fighting       | 1 2 3 |  3.9
Necromancy     | 5 6 7 |  7.8
Stealth        | 2 |  2.5
Spellcasting   | 3 4 |  4.2
Shields        | 1 2 |  2.1
Dodging        | |  1.8

Action                   |  1- 3 |  4- 6 |  7- 9 || total
-------------------------+-------+-------+-------++-------
Melee: Dagger            |   288 |    13 |       ||   301
       Unarmed           |       |     4 |       ||     4
       Spear             |       |    22 |    28 ||    50
 Cast: Pain              |    97 |   128 |    50 ||   275
       Animate Skeleton  |    16 |     4 |     1 ||    21
       Animate Dead      |       |     7 |     5 ||    12
  Use: Scroll            |     4 |     9 |       ||    13
       Potion            |       |       |     3 ||     3
 Stab: Sleeping          |     6 |     1 |       ||     7
       Confused          |       |     1 |       ||     1
  Eat: Chunk             |     6 |    13 |     1 ||    20
       Ration            |     1 |       |     2 ||     3
Armor: Robe              |    14 |    14 |    14 ||    42
       Skin              |       |     8 |       ||     8
Dodge: Dodged            |    40 |    40 |    35 ||   115
Block: Buckler           |    12 |    15 |    21 ||    48
